 Dungeon Crawl Stone Soup version 0.25-a0-178-gc9f82b1288 (webtiles) character file.

Game seed: 18356132026171248470, levelgen mode: deterministic

16683 Leeroy the Carver (level 12, -6/101 HPs)
             Began as a Yellow Draconian Conjurer on Nov 26, 2019.
             Was a Priest of Vehumet.
             Mangled by an ice devil (11 damage)
             ... in an ice cave.
             The game lasted 01:26:58 (22416 turns).

Leeroy the Carver (Yellow Draconian Conjurer)      Turns: 22416, Time: 01:26:58

Health: -6/101     AC: 12    Str: 10    XL:     12   Next: 12%
Magic:  19/21      EV: 17    Int: 24    God:    Vehumet [***...]
Gold:   554        SH:  0    Dex: 12    Spells: 1/23 levels left

rFire    . . .     SeeInvis +   x - +2 great sword (flame)
rCold    . . .     Gourm    .   (shield currently unavailable)
rNeg     . . .     Faith    .   (armour unavailable)
rPois    .         Spirit   .   (helmet restricted)
rElec    .         Reflect  .   (no cloak)
rCorr    +         Harm     .   v - +0 pair of gloves
MR       .....                  B - +2 pair of boots
Stlth    ++........             (no amulet)
HPRegen  0.26/turn              i - +3 ring of intelligence
MPRegen  0.17/turn              d - ring of see invisible

@: slowed, very slow
A: spit acid, unfitting armour, cold-blooded, acid resistance, AC +8
a: Breathe Acid, Renounce Religion


You were in an ice cave.
You worshipped Vehumet.
Vehumet was most pleased with you.
You were not hungry.

You visited 4 branches of the dungeon, and saw 17 of its levels.
You also visited: Sewer and Ice Cave.

You collected 719 gold pieces.
You spent 165 gold pieces at shops.

Inventory:

Hand Weapons
 a - a +0 dagger
 h - a +0 mace
 l - a cursed -1 falchion
 n - a +0 quarterstaff
 o - a +0 short sword
 s - a +0 trident of venom
 x - a +2 great sword of flaming (weapon)
 A - a +0 flail of holy wrath
 E - a +0 scimitar
 L - a +0 dagger of chaos
 U - a +3 dagger of venom
 W - a +0 quarterstaff of freezing
Missiles
 t - 6 throwing nets
 u - 17 boomerangs
 w - 7 poisoned darts (quivered)
 O - 5 boomerangs of dispersal
 T - 37 stones
 X - 6 atropa-tipped darts
Armour
 e - a +0 pair of gloves
 v - a +0 pair of gloves (worn)
 B - a +2 pair of boots (worn)
Magical Staves
 S - an uncursed staff of energy {unknown}
Jewellery
 d - a ring of see invisible (right hand)
 i - a +3 ring of intelligence (left hand)
 C - an uncursed ring of resist corrosion
 V - a cursed ring of ice
Wands
 G - a wand of random effects (16)
 H - a wand of disintegration (9)
 J - a wand of iceblast (15)
 P - a wand of flame (13)
Scrolls
 c - 3 scrolls of enchant armour {unknown}
 f - 12 scrolls of remove curse
 j - 2 scrolls of immolation
 k - a scroll of amnesia
 m - 2 scrolls of magic mapping
 r - a scroll of torment {unknown}
 y - 3 scrolls of fog
 F - 3 scrolls of random uselessness {unknown}
 K - a scroll of noise {unknown}
 M - a scroll of acquirement {unknown}
 N - 3 scrolls of summoning {unknown}
 R - a scroll of identify
Potions
 g - a potion of ambrosia
 p - 2 potions of heal wounds {unknown}
 q - 5 potions of flight
 z - 2 potions of curing
 D - 2 potions of mutation {unknown}
 I - 2 potions of brilliance {unknown}
 Q - 2 potions of degeneration {unknown}
Comestibles
 b - 12 rations


   Skills:
 - Level 8.1 Fighting
 - Level 12.4 Long Blades
 + Level 9.6 Dodging
 - Level 2.0 Stealth
 - Level 6.4 Spellcasting
 - Level 7.1 Conjurations
 - Level 0.6 Fire Magic


You had one spell level left.
You knew the following spells:

 Your Spells              Type           Power        Failure   Level  Hunger
a - Conjure Flame         Conj/Fire      ####....     1%          3    None
b - Searing Ray           Conj           #####.       1%          2    None
c - Iskenderun's Mystic   Conj           #####...     1%          4    ###....
d - Force Lance           Conj/Tloc      ###.....     5%          4    ###....
e - Dazzling Spray        Conj/Hex       ###...       1%          3    None
f - Fulminant Prism       Conj/Hex       ###.......   5%          4    ###....
g - Shock                 Conj/Air       ###.         1%          1    None
h - Sting                 Conj/Pois      ###.         1%          1    None

Your spell library contained the following spells:

 Spells                   Type           Power        Failure   Level  Hunger
 Magic Dart               Conj           ####         1%          1    None


Dungeon Overview and Level Annotations

Branches:
Dungeon (14/15)            Temple (1/1) D:7            Lair (1/6) D:10
    Orc (1/2) D:10          Sewer (visited)           IceCv (1/1)
 Vaults: D:13-14

Altars:
Ashenzari
Cheibriados
Dithmenos
Elyvilon
Fedhas
Gozag
Hepliaklqana
Kikubaaqudgha
Makhleb
Nemelex Xobeh
Qazlal
Ru
Sif Muna
Trog
Uskayaw
Vehumet
Wu Jian
Xom
Yredelemnul
Zin
The Shining One

Shops:
D:7 [   D:11 =

Annotations:
Orc:1 Jorgrun


Innate Abilities, Weirdness & Mutations

You can spit globs of acid.
Your golden yellow scales are hard. (AC +8)
You cannot fit into any form of body armour.
You are cold-blooded and may be slowed by cold attacks.
You are resistant to acid. (rCorr)


Message History

The lance of force hits the ice devil!
The ice devil is severely wounded.
The ice devil is knocked back by the lance of force.
You feel yourself speed up. The ice devil hits you.
* * * LOW HITPOINT WARNING * * *
The ice devil freezes you!
* * * LOW HITPOINT WARNING * * *
Unknown command.
You slash the ice devil! You burn the ice devil.
The ice devil is almost dead.
The ice devil barely misses you. The ice devil completely misses you.
Unknown command.
You slash the ice devil! You burn the ice devil.
You kill the ice devil!
Vehumet accepts your kill.
You feel your power returning. The ice devil hits you!
* * * LOW HITPOINT WARNING * * *
The ice devil freezes you!
You feel yourself slow down.
You die...

#...... ....... ####
....... ##..##
##.......
##....######........
#.......##..........
#..∩∩.............⌠.
#..@................
##..4.##..##........
##..########......4
#### ....... .......
#...... ##.... ####


You could see an ice devil.

Vanquished Creatures
  Fannar (D:11)
  Harold (D:9)
  Nergalle (D:11)
  An unseen horror (D:11)
  An orc knight (D:10)
  An ugly thing (D:9)
  Psyche (D:8)
  A kobold demonologist (D:11)
  An ice devil (IceCv)
  3 trolls
  Prince Ribbit (D:9)
  4 hippogriffs
  A shadow (D:13)
  21 yaks
  2 vampire mosquitoes (D:13)
  3 hungry ghosts
  A steam dragon (D:11)
  A warg (D:10)
  An acid dragon (D:11)
  2 water moccasins (D:11)
  6 orc warriors
  A hornet zombie (D:8)
  A sky beast (D:5)
  12 ice beasts
  2 black bears
  3 phantoms
  5 ogres
  5 centaurs
  3 big kobolds
  A crocodile (D:9)
  11 bullfrogs
  A wyvern zombie (D:7)
  A scorpion (D:11)
  A wyvern skeleton (D:8)
  3 killer bees (D:7)
  3 howler monkeys
  5 crimson imps
  4 bullfrog zombies
  9 hounds
  A bullfrog skeleton (D:6)
  11 orc wizards
  14 orc priests
  2 centaur skeletons
  An iron imp (D:6)
  5 jellies
  2 iguanas
  2 worker ants
  A killer bee zombie (D:9)
  A hound zombie (D:5)
  2 hound skeletons
  A worker ant zombie (D:6)
  15 gnolls
  A howler monkey skeleton (D:4)
  11 adders
  A river rat (Sewer)
  6 shadow imps
  4 oozes
  An adder zombie (D:6)
  2 adder skeletons
  3 worms
  3 dart slugs
  7 leopard geckos
  40 orcs
  7 giant cockroaches
  11 goblins
  9 hobgoblins
  6 jackals
  9 quokkas
  3 ball pythons
  8 bats
  4 frilled lizards
  4 goblin skeletons (D:6)
  3 goblin zombies (D:6)
  A jackal zombie (D:7)
  15 kobolds
  2 kobold skeletons (D:6)
  A leopard gecko skeleton (D:5)
  An orc skeleton (D:6)
  A quokka zombie (D:5)
  9 rats
357 creatures vanquished.

Vanquished Creatures (others)
  A bullfrog skeleton (D:11)
  9 fulminant prisms
  A plant (D:10)
11 creatures vanquished.

Grand Total: 368 creatures vanquished

Notes
Turn   | Place    | Note
-------+----------+-------------------------------------------
     0 | D:1      | Leeroy the Draconian Conjurer began the quest for the Orb.
     0 | D:1      | Reached XP level 1. HP: 14/14 MP: 3/3
   350 | D:1      | Reached XP level 2. HP: 17/20 MP: 5/5
   634 | D:1      | Learned a level 2 spell: Searing Ray
   780 | D:1      | Reached XP level 3. HP: 10/26 MP: 4/7
  1914 | D:2      | Found a snail-covered altar of Cheibriados.
  1917 | D:2      | Reached XP level 4. HP: 33/33 MP: 8/10
  2984 | D:3      | Reached skill level 5 in Spellcasting
  2984 | D:3      | Reached XP level 5. HP: 34/38 MP: 10/12
  3010 | D:3      | Learned a level 4 spell: Iskenderun's Mystic Blast
  3016 | D:3      | Learned a level 4 spell: Force Lance
  3020 | D:3      | Learned a level 3 spell: Dazzling Spray
  4157 | D:4      | Reached XP level 6. HP: 45/45 MP: 0/14
  4263 | D:3      | Reached skill level 5 in Conjurations
  5287 | D:5      | Entered Level 5 of the Dungeon
  5425 | D:5      | Noticed a sky beast
  5441 | D:5      | Killed a sky beast
  5441 | D:5      | Your scales start taking on a golden yellow colour.
  5441 | D:5      | Reached XP level 7. HP: 49/50 MP: 2/15
  5441 | D:5      | Gained mutation: You are resistant to acid. (rCorr) [Yellow
                  | Draconian growth]
  5521 | D:5      | Found a glowing drain.
  5537 | Sewer    | Entered a sewer
  5947 | Sewer    | Reached skill level 2 in Long Blades
  6088 | Sewer    | Found a glowing silver altar of Zin.
  6522 | D:4      | Reached skill level 3 in Long Blades
  6690 | D:4      | Found a glowing silver altar of Zin.
  6693 | D:4      | Found a shattered altar of Ashenzari.
  6697 | D:4      | Found a glowing golden altar of the Shining One.
  6807 | D:4      | Reached skill level 4 in Long Blades
  7086 | D:5      | Reached XP level 8. HP: 57/57 MP: 8/16
  7104 | D:5      | Reached skill level 5 in Long Blades
  7515 | D:5      | Found a hazy altar of Hepliaklqana.
  7633 | D:5      | Reached skill level 6 in Long Blades
  7784 | D:6      | Reached skill level 7 in Long Blades
  8049 | D:6      | Found a glowing golden altar of the Shining One.
  8113 | D:6      | Reached skill level 8 in Long Blades
  8399 | D:6      | Found an ornate altar of the Wu Jian Council.
  8917 | D:7      | Reached XP level 9. HP: 62/62 MP: 14/17
  8936 | D:7      | Learned a level 4 spell: Fulminant Prism
  8940 | D:7      | Found a bloodstained altar of Trog.
  8954 | D:7      | Found Xekhliopp's Armour Shop.
  8967 | D:7      | Reached skill level 9 in Long Blades
  9286 | D:7      | Found a white marble altar of Elyvilon.
  9324 | D:7      | Became a worshipper of Elyvilon the Healer
  9560 | D:7      | Found a sacrificial altar of Ru.
  9919 | D:7      | Found a staircase to the Ecumenical Temple.
  9925 | Temple   | Entered the Ecumenical Temple
  9980 | Temple   | Fell from the grace of Elyvilon
  9980 | Temple   | Became a worshipper of Vehumet
 10076 | D:8      | Found an opulent altar of Gozag.
 10177 | D:8      | Reached skill level 10 in Long Blades
 10584 | D:8      | Reached skill level 11 in Long Blades
 10727 | D:8      | Found a shadowy altar of Dithmenos.
 10786 | D:8      | Noticed Psyche
 10848 | D:8      | Killed Psyche
 10848 | D:8      | Reached * piety under Vehumet
 10848 | D:8      | Offered knowledge of Shock by Vehumet.
 10848 | D:8      | Reached XP level 10. HP: 29/69 MP: 1/18
 11295 | D:8      | Reached skill level 12 in Long Blades
 11551 | D:9      | Learned a level 1 spell: Shock
 12024 | D:9      | Found a shadowy altar of Dithmenos.
 12033 | D:9      | Noticed Harold
 13292 | D:9      | Reached skill level 5 in Dodging
 13608 | D:9      | Noticed Prince Ribbit
 13616 | D:10     | Entered Level 10 of the Dungeon
 13616 | D:10     | Found a staircase to the Lair.
 14727 | Lair:1   | Entered Level 1 of the Lair of Beasts
 14773 | Lair:1   | Noticed a seven-headed hydra
 15341 | D:9      | Killed Prince Ribbit
 15341 | D:9      | Reached skill level 1 in Fighting
 15919 | D:10     | Noticed a white ugly thing
 16113 | D:9      | Killed Harold
 16113 | D:9      | Reached XP level 11. HP: 42/85 MP: 17/19
 16462 | D:9      | Killed a white ugly thing
 16462 | D:9      | Reached skill level 5 in Fighting
 17206 | D:10     | Offered knowledge of Sting by Vehumet.
 17213 | D:10     | Reached ** piety under Vehumet
 17231 | D:10     | Found a staircase to the Orcish Mines.
 18605 | D:11     | Learned a level 1 spell: Sting
 18703 | D:11     | Noticed Nergalle
 18903 | Orc:1    | Entered Level 1 of the Orcish Mines
 19354 | Orc:1    | Noticed Jorgrun
 19392 | Orc:1    | Noticed an orc knight
 19621 | D:10     | Killed an orc knight
 20261 | D:11     | Killed Nergalle
 20261 | D:11     | Offered knowledge of Conjure Flame by Vehumet.
 20270 | D:11     | Learned a level 3 spell: Conjure Flame
 20596 | D:11     | Found Veathrop's Jewellery Shoppe.
 20604 | D:11     | Bought an uncursed ring of see invisible for 165 gold
                  | pieces
 20791 | D:11     | Noticed an unseen horror
 20796 | D:11     | Killed an unseen horror
 20933 | D:11     | Found a hide-covered altar of Uskayaw.
 20980 | D:11     | Noticed Fannar
 21082 | D:11     | Found the amulet of Vitality {Regen+ HP+15}
 21083 | D:11     | Noticed a deep elf mage
 21083 | D:11     | Noticed a catoblepas
 21092 | D:11     | Noticed a two-headed ogre
 21103 | D:11     | Noticed a four-headed hydra
 21104 | D:11     | Noticed an ogre mage
 21349 | D:11     | Killed Fannar
 21620 | D:12     | Noticed a six-headed hydra
 21994 | D:13     | Noticed a death knight
 22079 | D:14     | Reached XP level 12. HP: 92/101 MP: 13/21
 22217 | D:14     | Found a frozen archway.
 22219 | D:14     | Reached *** piety under Vehumet
 22273 | IceCv    | Entered an ice cave
 22416 | IceCv    | HP: 5/101 [ice devil (9)]
 22416 | IceCv    | Mangled by an ice devil

Levels and vault maps discovered:
D:1:      kilobyte_arrival_exit_the_forest, layout_basic
D:2:      layout_basic, old_standard_altar
D:3:      layout_loops_ring, grunt_ministairs_6
D:4:      layout_loops_ring, grunt_temple_overflow_diamond
D:5:      layout_loops_ring, old_standard_altar, first_ration,
          cheibrodos_sewer_entry_sluice
D:6:      layout_basic, lemuel_doored_altar, nicolae_tso_besieged_by_evil
D:7:      layout_basic, hangedman_ru_absence, elyvilon_altar_5,
          old_standard_altar, minmay_temple_entry_fiery, serial_shops, shop
D:8:      layout_basic, old_standard_altar, nicolae_overflow_hidden_temple,
          basic_altar, uniq_psyche
D:9:      layout_basic, nicolae_dithmenos_shadow_blocks, minmay_puff,
          uniq_prince_ribbit1, uniq_harold
D:10:     layout_stronghold, lair_entry_dummy, erik_orc_4, blue_anna_alchemist
          [blue_anna_fruit_fields, blue_anna_fruit_fields]
D:11:     layout_irregular_city, serial_shops, shop, basic_altar, minivault_12,
          uniq_nergalle, uniq_fannar
D:12:     layout_rooms, serial_shops, shop
D:13:     layout_irregular_city, uniq_erolcha
D:14:     layout_loops_ring, david_vaults_5, portal_ice_cave_entry_ice_beasts,
          st_stairs_14
Temple:   eino_wide_crystal_templ
Lair:1:   layout_regular_city, gauntlet_entry_generic, minivault_24,
          chequers_serial_rivers_small_b, serial_bayou_pond_d, st_stairs_10
Orc:1:    layout_caves, minmay_orc_keep, uniq_jorgrun
IceCv:    ice_cave_tombish

Skill      XL: |  1  2  3  4  5  6  7  8  9 10 11 |
---------------+----------------------------------+-----
Spellcasting   | 3 4 5 6 |  6.4
Conjurations   | 6 7 |  7.1
Long Blades    | 4 8 11 12 | 12.4
Stealth        | 2 |  2.0
Dodging        | 6 9 |  9.6
Fighting       | 4 8 |  8.1
Fire Magic     | |  0.6

Action                   |  1- 3 |  4- 6 |  7- 9 | 10-12 || total
-------------------------+-------+-------+-------+-------++-------
Melee: Dagger            |   140 |    16 |       |       ||   156
       Tailslap          |    11 |     9 |    32 |    53 ||   105
       Quarterstaff      |       |    50 |       |       ||    50
       Trident           |       |    60 |       |       ||    60
       Great sword       |       |    46 |   331 |   422 ||   799
Throw: Dart              |       |       |       |     8 ||     8
 Cast: Magic Dart        |     5 |       |       |       ||     5
       Searing Ray       |     6 |    14 |     8 |     2 ||    30
       Iskenderun's Myst |       |     5 |    18 |    32 ||    55
       Force Lance       |       |     3 |    12 |    32 ||    47
       Dazzling Spray    |       |       |     5 |     6 ||    11
       Fulminant Prism   |       |       |     4 |     5 ||     9
       Conjure Flame     |       |       |       |     8 ||     8
       Sting             |       |       |       |     3 ||     3
       Shock             |       |       |       |     1 ||     1
 Abil: Breathe Acid      |       |       |     5 |     2 ||     7
  Use: Scroll            |       |     4 |     1 |     8 ||    13
       Potion            |       |       |     2 |     6 ||     8
 Stab: Sleeping          |     4 |     4 |     3 |     3 ||    14
       Invisible         |       |       |     1 |     3 ||     4
  Eat: Chunk             |     4 |     9 |    17 |    32 ||    62
       Ration            |       |     1 |     3 |     6 ||    10
Armor: Skin              |    72 |    59 |   226 |   173 ||   530
Dodge: Dodged            |   122 |   152 |   295 |   367 ||   936
       Rpst.: Great sword |       |    21 |    95 |   102 ||   218

Table legend:
 A = Non-vault XP
 B = Vault XP
 C = Vault XP percentage of total XP
 D = Non-vault monster count
 E = Vault monster count
 F = Vault count percentage of total count
                 A         B        C        D         E       F
            +---------+---------+-------+---------+---------+-------
      Total |   17847 |    5986 |  25.1 |     295 |      62 |  17.4
            +---------+---------+-------+---------+---------+-------
        D:1 |      63 |       0 |   0.0 |      30 |       0 |   0.0
        D:2 |     101 |       1 |   1.0 |      19 |       1 |   5.0
        D:3 |     272 |       1 |   0.4 |      31 |       1 |   3.1
        D:4 |     486 |       0 |   0.0 |      26 |       0 |   0.0
        D:5 |     927 |       7 |   0.7 |      28 |       2 |   6.7
        D:6 |     763 |      50 |   6.2 |      23 |      11 |  32.4
        D:7 |     742 |       0 |   0.0 |      19 |       0 |   0.0
        D:8 |    3517 |     420 |  10.7 |      32 |       2 |   5.9
        D:9 |    2247 |    1695 |  43.0 |      20 |       5 |  20.0
       D:10 |    2791 |     502 |  15.2 |      25 |      17 |  40.5
       D:11 |    3173 |    1777 |  35.9 |      24 |       2 |   7.7
       D:13 |     882 |       0 |   0.0 |       4 |       0 |   0.0
       D:14 |    1612 |    1052 |  39.5 |       8 |       8 |  50.0
     Lair:1 |     181 |       0 |   0.0 |       2 |       0 |   0.0
      Orc:1 |      90 |       0 |   0.0 |       4 |       0 |   0.0
      Sewer |       0 |     124 | 100.0 |       0 |      12 | 100.0
      IceCv |       0 |     357 | 100.0 |       0 |       1 | 100.0
            +---------+---------+-------+---------+---------+-------
